Workbook

Sheet PLANILHA COM VALORES
A1: PLANILHA DE PREÇO UNITÁRIO
A2: CLIENTE: | B2: Câmara Municipal de Caetanópolis/MG | G2: PRAZO: | H2: 2 | I2: MESES
A3: OBRA: | B3: Obras de reforma elétrica e estrutural das dependências da Câmara Municipal de Caetanópolis/MG | G3: BDI: | H3: 0.2328064
A4: REFERÊNCIA: | B4: SETOP - 07/2025 | G4: ENC. SOCIAIS: | H4: 1.1663 | I4: HORISTA
A5: ITEM | B5: CÓDIGO | C5: DESCRIÇÃO DOS SERVIÇOS | D5: UNID | E5: QUANT. | F5: CUSTO | H5: VENDA
F6: UNIT. (R$) | G6: TOTAL (R$) | H6: UNIT. (R$) | I6: TOTAL (R$)
A8: 1 | B8: 8662 | C8: MOBILIZAÇÃO E DESMOBILIZAÇÃO DE OBRA
A9: 1.1 | B9: 8700 | C9: OBRAS EM CENTRO URBANO OU REGIÃO LIMÍTROFE
A10: 1.1.1 | B10: ED-50394 | C10: MOBILIZAÇÃO E DESMOBILIZAÇÃO DE OBRA EM CENTRO URBANO OU REGIÃO LIMÍTROFE COM VALOR ACIMA DE 3.000.000,01 | D10: % | E10: 0.2 | K10: 319347.06
C11: SUB-TOTAL 01 | K11: =K10*0.2% -> 638.69413 | L11: =100%-0.2% -> 0.998
A12: 2 | B12: 8663 | C12: SERVIÇOS PRELIMINARES
A13: 2.1 | B13: 8704 | C13: SUPRESSÃO DE ÁRVORE
A14: 2.1.1 | B14: ED-50699 | C14: CORTE DE ÁRVORE COM MOTOSSERRA, DIÂMETRO DO TRONCO ACIMA DE TRINTA (30) CENTÍMETROS ATÉ CINQUENTA (50) CENTÍMETROS, EXCLUSIVE DESTOCAMENTO E AFASTAMENTO | D14: un | E14: ='MEMÓRIA DE CÁLCULO'!D30 -> 1
A15: 2.2 | B15: 8707 | C15: DEMOLIÇÃO E REMOÇÃO DE INSTALAÇÃO
A16: 2.2.1 | B16: ED-48468 | C16: REMOÇÃO MANUAL DE LUMINÁRIA COMERCIAL, EMBUTIDA OU SOBREPOR, COM REAPROVEITAMENTO, INCLUSIVE AFASTAMENTO E EMPILHAMENTO, EXCLUSIVE TRANSPORTE E RETIRADA DO MATERIAL REMOVIDO NÃO REAPROVEITÁVEL | D16: un | E16: ='MEMÓRIA DE CÁLCULO'!D32 -> 37
A17: 2.2.2 | B17: ED-48469 | C17: REMOÇÃO MANUAL DE LUMINÁRIA COMPACTA (PLAFON, PAINEL LED, ETC.) EMBUTIDA OU SOBREPOR, COM REAPROVEITAMENTO, INCLUSIVE AFASTAMENTO E EMPILHAMENTO, EXCLUSIVE TRANSPORTE E RETIRADA DO MATERIAL REMOVIDO NÃO REAPROVEITÁVEL | D17: un | E17: ='MEMÓRIA DE CÁLCULO'!D40 -> 41
A18: 2.2.3 | B18: CPU 001 | C18: REMOÇÃO MANUAL DE QUADRO DE DISTRIBUIÇÃO, COM REAPROVEITAMENTO, REMOÇÃO DE ACESSÓRIOS DE FIXAÇÃO, AFASTAMENTO E EMPILHAMENTO, EXCLUSIVE TRANSPORTE E RETIRADA DO MATERIAL REMOVIDO NÃO REAPROVEITÁVEL | D18: un | E18: ='MEMÓRIA DE CÁLCULO'!D54 -> 2
A19: 2.2.4 | B19: CPU 002 | C19: REMOÇÃO MANUAL DE TUBULAÇÕES, CABEAMENTO, TOMADAS, ELETROCALHAS, ELETRODUTOS, CONDULETES, EMBUTIDAS E/OU APARENTES EM TETO E PAREDES DE REDE (ÁGUA, ELÉTRICA, GASES, ETC.), COM REAPROVEITAMENTO, INCLUSIVE RASGO EM ALVENARIA, REMOÇÃO DE ACESSÓRIOS DE FIXAÇÃO, AFASTAMENTO E EMPILHAMENTO, EXCLUSIVE TRANSPORTE E RETIRADA DO MATERIAL REMOVIDO NÃO REAPROVEITÁVEL | D19: vb | E19: 367.5074
A20: 2.3 | B20: 8709 | C20: REMOÇÃO DE FORRO
A21: 2.3.1 | B21: ED-48460 | C21: REMOÇÃO MANUAL DE FORRO DE PLACAS (GESSO, MINERAL, FIBRA, ISOPOR, COLMEIA, PVC, ETC.), COM REAPROVEITAMENTO, INCLUSIVE AFASTAMENTO E EMPILHAMENTO, EXCLUSIVE DEMOLIÇÃO DA ESTRUTURA DE SUSTENTAÇÃO, TRANSPORTE E RETIRADA DO MATERIAL REMOVIDO NÃO REAPROVEITÁVEL | D21: m2 | E21: ='MEMÓRIA DE CÁLCULO'!D57 -> 301.8991
A22: 2.4 | B22: 8710 | C22: REMOÇÃO DE ESQUADRIA
A23: 2.4.1 | B23: ED-48493 | C23: REMOÇÃO MANUAL DE ESQUADRIA EM MADEIRA, COM REAPROVEITAMENTO, INCLUSIVE REMOÇÃO DE MARCO/ALIZAR/GUARNIÇÕES, AFASTAMENTO E EMPILHAMENTO, EXCLUSIVE TRANSPORTE E RETIRADA DO MATERIAL REMOVIDO NÃO REAPROVEITÁVEL | D23: m2 | E23: ='MEMÓRIA DE CÁLCULO'!D73 -> 5.04
A24: 2.5 | B24: 8712 | C24: REMOÇÃO DE LOUÇA E ACESSÓRIOS
A25: 2.5.1 | B25: ED-48467 | C25: REMOÇÃO DE LOUÇAS (LAVATÓRIO, BANHEIRA, PIA, VASO SANITÁRIO, TANQUE), COM REAPROVEITAMENTO, INCLUSIVE AFASTAMENTO E EMPILHAMENTO, EXCLUSIVE TRANSPORTE E RETIRADA DO MATERIAL REMOVIDO NÃO REAPROVEITÁVEL | D25: un | E25: ='MEMÓRIA DE CÁLCULO'!D76 -> 6
A26: 2.5.2 | B26: ED-48470 | C26: REMOÇÃO MANUAL DE METAIS COMUNS E ACABAMENTOS (TORNEIRA, ACABAMENTO PARA REGISTRO, SIFÃO, ENGATE FLEXÍVEL, ETC.), COM REAPROVEITAMENTO, INCLUSIVE AFASTAMENTO E EMPILHAMENTO, EXCLUSIVE TRANSPORTE E RETIRADA DO MATERIAL REMOVIDO NÃO REAPROVEITÁVEL | D26: un | E26: ='MEMÓRIA DE CÁLCULO'!D86 -> 12
A27: 2.5.3 | B27: ED-48471 | C27: REMOÇÃO MANUAL DE METAIS EMBUTIDOS (BASE DE REGISTRO, VÁLVULA DE DESCARGA, TORNEIRA ANTIVANDALISMO, ETC.), COM REAPROVEITAMENTO, INCLUSIVE AFASTAMENTO E EMPILHAMENTO, EXCLUSIVE TRANSPORTE E RETIRADA DO MATERIAL REMOVIDO NÃO REAPROVEITÁVEL | D27: un | E27: ='MEMÓRIA DE CÁLCULO'!D102 -> 8
A28: 2.6 | B28: 8713 | C28: DEMOLIÇÃO E REMOÇÃO DE DIVISÓRIA E BANCADA
A29: 2.6.1 | B29: ED-48437 | C29: REMOÇÃO MANUAL DE BANCADA DE PEDRA (MÁRMORE, GRANITO, ARDÓSIA, MARMORITE, ETC.), COM REAPROVEITAMENTO, INCLUSIVE RASGO EM ALVENARIA, REMOÇÃO DE ACESSÓRIOS DE FIXAÇÃO, AFASTAMENTO E EMPILHAMENTO, EXCLUSIVE TRANSPORTE E RETIRADA DO MATERIAL REMOVIDO NÃO REAPROVEITÁVEL | D29: m2 | E29: ='MEMÓRIA DE CÁLCULO'!D112 -> 1.65
A30: 2.7 | B30: 8714 | C30: DEMOLIÇÃO DE ALVENARIA
A31: 2.7.1 | B31: ED-48435 | C31: DEMOLIÇÃO MANUAL DE ALVENARIA DE TIJOLO CERÂMICO OU BLOCO DE CONCRETO, INCLUSIVE AFASTAMENTO E EMPILHAMENTO, EXCLUSIVE TRANSPORTE E RETIRADA DO MATERIAL DEMOLIDO | D31: m3 | E31: ='MEMÓRIA DE CÁLCULO'!D116 -> 1.4525
A32: 2.8 | B32: 8715 | C32: DEMOLIÇÃO DE CONCRETO
A33: 2.8.1 | B33: ED-48440 | C33: DEMOLIÇÃO MANUAL DE CONCRETO, SEM ARMAÇÃO, INCLUSIVE AFASTAMENTO E EMPILHAMENTO, EXCLUSIVE TRANSPORTE E RETIRADA DO MATERIAL DEMOLIDO | D33: m3 | E33: ='MEMÓRIA DE CÁLCULO'!D120 -> 6.099455
A34: 2.9 | B34: 8718 | C34: DEMOLIÇÃO E REMOÇÃO DE REVESTIMENTO
A35: 2.9. | B35: ED-48502 | C35: DEMOLIÇÃO MANUAL DE REVESTIMENTO CERÂMICO, AZULEJO OU LADRILHO HIDRÁULICO, INCLUSIVE AFASTAMENTO E EMPILHAMENTO, EXCLUSIVE DEMOLIÇÃO DO REBOCO OU EMBOÇO, TRANSPORTE E RETIRADA DO MATERIAL DEMOLIDO | D35: m2 | E35: ='MEMÓRIA DE CÁLCULO'!D125 -> 88.421
A36: 2.10 | B36: 8719 | C36: DEMOLIÇÃO E REMOÇÃO DE PISO
A37: 2.10.1 | B37: ED-48480 | C37: DEMOLIÇÃO MANUAL DE PISO CERÂMICO OU LADRILHO HIDRÁULICO, INCLUSIVE AFASTAMENTO E EMPILHAMENTO, EXCLUSIVE DEMOLIÇÃO DE CONTRAPISO, TRANSPORTE E RETIRADA DO MATERIAL DEMOLIDO | D37: m2 | E37: ='MEMÓRIA DE CÁLCULO'!D129 -> 351.5291
A38: 2.10.2 | B38: ED-48479 | C38: DEMOLIÇÃO MANUAL DE PISO CIMENTADO OU CONTRAPISO DE ARGAMASSA, COM ESPESSURA MÁXIMA DE 10CM, INCLUSIVE AFASTAMENTO E EMPILHAMENTO, EXCLUSIVE TRANSPORTE E RETIRADA DO MATERIAL DEMOLIDO | D38: m2 | E38: ='MEMÓRIA DE CÁLCULO'!D137 -> 351.5291
A39: 2.11 | B39: 8721 | C39: REMOÇÃO DE VIDRO
A40: 2.11.1 | B40: ED-48516 | C40: REMOÇÃO MANUAL DE VIDRO EM ESQUADRIAS, COM REAPROVEITAMENTO, INCLUSIVE LIMPEZA DO ENCAIXE, AFASTAMENTO E EMPILHAMENTO, EXCLUSIVE TRANSPORTE E RETIRADA DO MATERIAL REMOVIDO NÃO REAPROVEITÁVEL | D40: m2 | E40: ='MEMÓRIA DE CÁLCULO'!D145 -> 6.102
A41: 2.12 | C41: MOVIMENTAÇÃO E PROTEÇÃO DE MOBILIÁRIO
A42: 2.12.1 | B42: CPU 003 | C42: REMOÇÃO E RECOLOCAÇÃO DE CADEIRAS FIXAS | D42: un | E42: ='MEMÓRIA DE CÁLCULO'!D148 -> 80
A43: 2.12.2 | B43: CPU 004 | C43: REMOÇÃO E RECOLOCAÇÃO DE MESAS | D43: un | E43: ='MEMÓRIA DE CÁLCULO'!D150 -> 3
A44: 2.12.3 | B44: ED-50600 | C44: APLICAÇÃO DE LONA PRETA, ESP. 150 MICRAS, INCLUSIVE FORNECIMENTO | D44: m2 | E44: ='MEMÓRIA DE CÁLCULO'!D152 -> 104.871
C45: SUB-TOTAL 02
A46: 3 | B46: 8664 | C46: INSTALAÇÕES PROVISÓRIAS
A47: 3.1 | B47: 8723 | C47: PLACA DE OBRA
A48: 3.1.1 | B48: ED-16660 | C48: FORNECIMENTO E COLOCAÇÃO DE PLACA DE OBRA EM CHAPA GALVANIZADA #26, ESP. 0,45 MM, PLOTADA COM ADESIVO VINÍLICO, AFIXADA COM REBITES 4,8X40 MM, EM ESTRUTURA METÁLICA DE METALON 20X20 MM, ESP. 1,25 MM, INCLUSIVE SUPORTE EM EUCALIPTO AUTOCLAVADO PINTADO COM TINTA PVA DUAS (2) DEMÃOS | D48: m2 | E48: =2*1.5 -> 3
A49: 3.2 | B49: 8725 | C49: ESCRITÓRIO DE OBRA
A50: 3.2.1 | B50: ED-16350 | C50: LOCAÇÃO DE CONTAINER COM ISOLAMENTO TÉRMICO, TIPO 3, PARA DEPÓSITO/FERRAMENTARIA DE OBRA, COM MEDIDAS REFERENCIAIS DE (6) METROS COMPRIMENTO, (2,3) METROS LARGURA E (2,5) METROS ALTURA ÚTIL INTERNA, INCLUSIVE LIGAÇÕES ELÉTRICAS INTERNAS, EXCLUSIVE MOBILIZAÇÃO/DESMOBILIZAÇÃO E LIGAÇÕES PROVISÓRIAS EXTERNAS | D50: mês | E50: =$H$2 -> 2
A51: 3.2.2 | B51: ED-50137 | C51: MOBILIZAÇÃO E DESMOBILIZAÇÃO DE CONTAINER, INCLUSIVE CARGA, DESCARGA E TRANSPORTE EM CAMINHÃO CARROCERIA COM GUINDAUTO (MUNCK), EXCLUSIVE LOCAÇÃO DO CONTAINER | D51: un | E51: 1
A52: 3.3 | B52: 8727 | C52: TAPUME E CERCA
A53: 3.3.1 | B53: ED-50163 | C53: TAPUME DE PROTEÇÃO PARA TRANSEUNTE EM TELA DE POLIETILENO, COM MÓDULO NA DIMENSÃO DE (150X150)CM, INCLUSIVE PONTALETE COM BASE DE APOIO EM CONCRETO MAGRO, FORNECIMENTO E MOVIMENTAÇÃO | D53: m | E53: ='MEMÓRIA DE CÁLCULO'!D155 -> 49.83
A54: 3.4 | B54: 8728 | C54: PROTEÇÃO DE TRANSEUNTE
A55: 3.4.1 | B55: ED-27006 | C55: CONE PARA SINALIZAÇÃO/ISOLAMENTO DE ÁREAS, ALTURA 75CM, INCLUSIVE FORNECIMENTO E MOVIMENTAÇÃO | D55: un | E55: 10
A56: 3.4.2 | B56: ED-50156 | C56: PROTEÇÃO PARA TRANSEUNTE OU ISOLAMENTO DE ÁREA COM FITA ZEBRADA AMARELA, INCLUSIVE PONTALETE COM BASE DE APOIO EM CONCRETO MAGRO, ALTURA DE 150CM, FORNECIMENTO E MOVIMENTAÇÃO | D56: m | E56: 10
C57: SUB-TOTAL 03
A58: 4 | B58: 8665 | C58: TERRAPLENAGEM/TRABALHOS EM TERRA
A59: 4.1 | B59: 8731 | C59: REGULARIZAÇÃO E COMPACTAÇÃO DE SOLO
A60: 4.1.1 | B60: ED-51122 | C60: REGULARIZAÇÃO E COMPACTAÇÃO DE TERRENO MANUAL COM SOQUETE, EXCLUSIVE DESMATAMENTO, DESTOCAMENTO, LIMPEZA/ROÇADA DO TERRENO | D60: m2 | E60: ='MEMÓRIA DE CÁLCULO'!D157 -> 103.3091
C61: SUB-TOTAL 04
A62: 5 | B62: 8669 | C62: ALVENARIAS E DIVISÓRIAS
A63: 5.1 | B63: 8759 | C63: ALVENARIA DE TIJOLO CERÂMICO
A64: 5.1.1 | B64: ED-48231 | C64: ALVENARIA DE VEDAÇÃO COM TIJOLO CERÂMICO FURADO, ESP. 9CM, PARA REVESTIMENTO, INCLUSIVE ARGAMASSA PARA ASSENTAMENTO | D64: m2 | E64: ='MEMÓRIA DE CÁLCULO'!D159 -> 15.39
A65: 5.2 | B65: 8768 | C65: VERGA E CONTRA-VERGA
A66: 5.2.1 | B66: ED-9903 | C66: VERGA OU CONTRAVERGA EM CONCRETO ESTRUTURAL PARA VÃOS DE ATÉ 150CM, PREPARADO EM OBRA COM BETONEIRA, CONTROLE "A", COM FCK 20 MPA, MOLDADA IN LOCO, INCLUSIVE ARMAÇÃO | D66: m3 | E66: ='MEMÓRIA DE CÁLCULO'!D163 -> 0.084375
A67: 5.3 | B67: 8769 | C67: PAREDE DE GESSO ACARTONADO
A68: 5.3.1 | B68: ED-48211 | C68: PAREDE EM CHAPA DE GESSO ACARTONADO (DRYWALL), DIVISÃO ENTRE ÁREAS UMIDAS DE UMA MESMA UNIDADE (RU/RU), ESP. 115 MM, INCLUSIVE MONTANTES, GUIAS E ACESSÓRIOS, EXCLUSIVE ISOLANTE TÉRMICO/ACÚSTICO | D68: m2 | E68: ='MEMÓRIA DE CÁLCULO'!D166 -> 9.802
C69: SUB-TOTAL 05
A70: 6 | B70: 8670 | C70: ESQUADRIAS E FERRAGENS
A71: 6.1 | B71: 8773 | C71: ESQUADRIA METÁLICA
A72: 6.1.1 | B72: ED-50983 | C72: PORTÃO DE GRADE, EXCLUSIVE CADEADO E PINTURA | D72: m2 | E72: ='MEMÓRIA DE CÁLCULO'!D169 -> 0.2325
A73: 6.2 | B73: 8778 | C73: PORTA DE MADEIRA DE LEI
A74: 6.2.1 | B74: ED-49603 | C74: PORTA DE MADEIRA COMPLETA, DIMENSÃO (90X210)CM, TIPO DE ABRIR, UMA (1) FOLHA, ACABAMENTO NATURAL PARA PINTURA/VERNIZ, TIPO PRANCHETA/SARRAFEADA, INCLUSIVE MARCO, ALIZAR E FERRAGENS, EXCLUSIVE PINTURA/VERNIZ | D74: un | E74: ='MEMÓRIA DE CÁLCULO'!D171 -> 4
A75: 6.3 | B75: 8785 | C75: VEDAÇÃO E CALAFETAGEM
A76: 6.3.1 | B76: ED-50992 | C76: VEDAÇÃO DE ESQUADRIAS COM APLICAÇÃO DE SELANTE À BASE DE SILICONE | D76: m | E76: ='MEMÓRIA DE CÁLCULO'!D176 -> 105.04
C77: SUB-TOTAL 06
A78: 7 | B78: 8673 | C78: PISOS
A79: 7.1 | B79: 8808 | C79: CONTRAPISO
A80: 7.1.1 | B80: ED-50567 | C80: CONTRAPISO DESEMPENADO COM ARGAMASSA, TRAÇO 1:3 (CIMENTO E AREIA), ESP. 25MM | D80: m2 | E80: ='MEMÓRIA DE CÁLCULO'!D190 -> 351.1991
A81: 7.2 | B81: 8811 | C81: PISO EM PORCELANATO
A82: 7.2.1 | B82: ED-50753 | C82: REVESTIMENTO COM PORCELANATO APLICADO EM PISO, ACABAMENTO ESMALTADO ACETINADO, AMBIENTE INTERNO/EXTERNO, PADRÃO EXTRA, BORDA RETIFICADA, DIMENSÃO DA PEÇA (80X80CM), ASSENTAMENTO COM ARGAMASSA INDUSTRIALIZADA, INCLUSIVE REJUNTAMENTO | D82: m2 | E82: ='MEMÓRIA DE CÁLCULO'!D199 -> 121.6591
A83: 7.2.2 | B83: MATED-9094 | C83: PORCELANATO, ACABAMENTO ESMALTADO ACETINADO, AMBIENTE INTERNO/EXTERNO, PADRÃO EXTRA, BORDA RETIFICADA, DIMENSÃO DA PEÇA (80X80CM), SOMENTE AS PEÇAS | D83: m2 | E83: =E82*0.05 -> 6.082955
A84: 7.3 | B84: 8821 | C84: LAJE DE TRANSIÇÃO
A85: 7.3.1 | B85: ED-50589 | C85: LAJE DE TRANSIÇÃO E = 6 CM, SEM JUNTA, FCK = 10 MPA (MANUAL) | D85: m2 | E85: ='MEMÓRIA DE CÁLCULO'!D205 -> 351.1991
A86: 7.3.2 | B86: ED-50590 | C86: LAJE DE TRANSIÇÃO EM CONCRETO PREPARADO EM OBRA COM BETONEIRA COM FCK DE 10MPA, ESP. 8CM, EXCLUSIVE ARMAÇÃO, INCLUSIVE ACABAMENTO SARRAFEADO | D86: m2 | E86: ='MEMÓRIA DE CÁLCULO'!D214 -> 0.9
A87: 7.4 | B87: 8822 | C87: PISO EM TIJOLO MACIÇO
A88: 7.4.1 | B88: ED-50631 | C88: PISO COM TIJOLO CERÂMICO MACIÇO PRENSADO, ASSENTAMENTO COM ARGAMASSA SECA, TRAÇO 1:4 (CIMENTO E AREIA), INCLUSIVE REJUNTAMENTO COM ARGAMASSA SECA DE TRAÇO 1:4 (CIMENTO E AREIA), FORNECIMENTO E INSTALAÇÃO, INCLUSIVE RODAPÉ | D88: m2 | E88: ='MEMÓRIA DE CÁLCULO'!D216 -> 229.54
A89: 7.5 | B89: 8824 | C89: PISO PODOTÁTIL (TÁTIL)
A90: 7.5.1 | B90: ED-50624 | C90: PISO PODOTÁTIL DE BORRACHA, ALERTA, ESP. 5MM, COLORIDA, ASSENTAMENTO COM COLA DE CONTATO, INCLUSIVE FORNECIMENTO E INSTALAÇÃO | D90: m2 | E90: ='MEMÓRIA DE CÁLCULO'!D220 -> 1.125
A91: 7.5.2 | B91: ED-50624 | C91: PISO PODOTÁTIL DE BORRACHA, DIRECIONAL, ESP. 5MM, COLORIDA, ASSENTAMENTO COM COLA DE CONTATO, INCLUSIVE FORNECIMENTO E INSTALAÇÃO | D91: m2 | E91: ='MEMÓRIA DE CÁLCULO'!D223 -> 3.25
A92: 7.5.3 | B92: ED-50586 | C92: PISO PODOTÁTIL DE CONCRETO, ALERTA, APLICADO EM PISO (40X40CM) COM JUNTA SECA, COR VERMELHO/AMARELO, ASSENTAMENTO COM ARGAMASSA INDUSTRIALIZADA, INCLUSIVE FORNECIMENTO E INSTALAÇÃO | D92: m2 | E92: ='MEMÓRIA DE CÁLCULO'!D226 -> 8.64
A93: 7.5.4 | B93: ED-50586 | C93: PISO PODOTÁTIL DE CONCRETO, DIRECIONAL, APLICADO EM PISO (40X40CM) COM JUNTA SECA, COR VERMELHO/AMARELO, ASSENTAMENTO COM ARGAMASSA INDUSTRIALIZADA, INCLUSIVE FORNECIMENTO E INSTALAÇÃO | D93: m2 | E93: ='MEMÓRIA DE CÁLCULO'!D228 -> 19.008
A94: 7.6 | B94: 8827 | C94: DEGRAU E PATAMAR
A95: 7.6.1 | B95: ED-50574 | C95: APLICAÇÃO DE FAIXA/FITA ADESIVA ANTIDERRAPANTE, LARGURA 50MM, EM DEGRAUS DE ESCADA, INCLUSIVE FORNECIMENTO | D95: m | E95: ='MEMÓRIA DE CÁLCULO'!D230 -> 11.5
C96: SUB-TOTAL 07
A97: 8 | B97: 8674 | C97: RODAPÉ, SOLEIRA E PEITORIL
A98: 8.1 | B98: 8830 | C98: RODAPÉ CERÂMICO
A99: 8.1.1 | B99: ED-50771 | C99: RODAPÉ COM REVESTIMENTO EM CERÂMICA ESMALTADA COMERCIAL, ALTURA 10CM, PEI IV, ASSENTAMENTO COM ARGAMASSA INDUSTRIALIZADA, INCLUSIVE REJUNTAMENTO | D99: m | E99: ='MEMÓRIA DE CÁLCULO'!D234 -> 67.69
A100: 8.2 | B100: 8843 | C100: SOLEIRA DE GRANITO
A101: 8.2.1 | B101: ED-51002 | C101: SOLEIRA EM GRANITO, NA COR CINZA ANDORINHA, ESP. 2CM, INCLUSIVE REJUNTAMENTO | D101: m2 | E101: ='MEMÓRIA DE CÁLCULO'!D240 -> 1.76
...

Sheet CURVA ABC SERVIÇOS
A1: PLANILHA DE PREÇO UNITÁRIO
A2: CLIENTE: | B2: Câmara Municipal de Caetanópolis/MG | G2: PRAZO: | H2: 2 | I2: MESES
A3: OBRA: | B3: Obras de reforma elétrica e estrutural das dependências da Câmara Municipal de Caetanópolis/MG | G3: BDI: | H3: 0.2328064
A4: REFERÊNCIA: | B4: SETOP - 07/2025 | G4: ENC. SOCIAIS: | H4: 1.1663 | I4: HORISTA
A5: ITEM | B5: CÓDIGO | C5: DESCRIÇÃO DOS SERVIÇOS | D5: UNID | E5: QUANT. | F5: CUSTO | H5: PESO
F6: UNIT. (R$) | G6: TOTAL (R$) | H6: % | I6: % ACUM.
A8: 7.4.1 | B8: ED-50631 | C8: PISO COM TIJOLO CERÂMICO MACIÇO PRENSADO, ASSENTAMENTO COM ARGAMASSA SECA, TRAÇO 1:4 (CIMENTO E AREIA), INCLUSIVE REJUNTAMENTO COM ARGAMASSA SECA DE TRAÇO 1:4 (CIMENTO E AREIA), FORNECIMENTO E INSTALAÇÃO, INCLUSIVE RODAPÉ | D8: m2 | E8: 229.54 | F8: 127.32424 | G8: 29226.007 | H8: =G8/$F$174 -> 0.077239537 | I8: =H8 -> 0.077239537
A9: 7.3.1 | B9: ED-50589 | C9: LAJE DE TRANSIÇÃO E = 6 CM, SEM JUNTA, FCK = 10 MPA (MANUAL) | D9: m2 | E9: 351.1991 | F9: 81.020036 | G9: 28454.164 | H9: =G9/$F$174 -> 0.075199682 | I9: =I8+H9 -> 0.15243922
A10: 12.4.1 | B10: ED-50451 | C10: PINTURA ACRÍLICA EM PAREDE, DUAS (2) DEMÃOS, EXCLUSIVE SELADOR ACRÍLICO E MASSA ACRÍLICA/CORRIDA (PVA) | D10: m2 | E10: 1038.325 | F10: 20.1194 | G10: 20890.476 | H10: =G10/$F$174 -> 0.055210098 | I10: =I9+H10 -> 0.20764932
A11: 11.1.1 | B11: CPU 005 | C11: PROJETO, CONFECÇÃO, ENTREGA E INSTALAÇÃO DE MÓVEIS PLANEJADOS EM MADEIRA MDF (MEDIUM DENSITY FIBERBOARD) COM, NO MINIMO, 18 MM DE ESPESSURA, REVESTIDA EM LAMINADO MELANÍMICO DE BAIXA PRESSÃO TEXTURIZADO EM AMBAS AS FAIXAS, EM COR MADEIRADO FOSCO, CONTEMPLANDO TODOS OS COMPONENTES E ESTRUTURAS NECESSÁRIAS AO MÓVEL (FITA BORDA, CORREDIÇAS, DOBRADIÇAS, PUXADORES, PÉS, RODAS, ESTRUTURAS METÁLICAS, ETC). GARANTIA DE, NO MÍNIMO, TRÊS ANOS. | D11: m2 | E11: 13.095 | F11: 1541.008 | G11: 20179.5 | H11: =G11/$F$174 -> 0.053331104 | I11: =I10+H11 -> 0.26098042
A12: 7.1.1 | B12: ED-50567 | C12: CONTRAPISO DESEMPENADO COM ARGAMASSA, TRAÇO 1:3 (CIMENTO E AREIA), ESP. 25MM | D12: m2 | E12: 351.1991 | F12: 52.332632 | G12: 18379.173 | H12: =G12/$F$174 -> 0.048573136 | I12: =I11+H12 -> 0.30955356
A13: 7.2.1 | B13: ED-50753 | C13: REVESTIMENTO COM PORCELANATO APLICADO EM PISO, ACABAMENTO ESMALTADO ACETINADO, AMBIENTE INTERNO/EXTERNO, PADRÃO EXTRA, BORDA RETIFICADA, DIMENSÃO DA PEÇA (80X80CM), ASSENTAMENTO COM ARGAMASSA INDUSTRIALIZADA, INCLUSIVE REJUNTAMENTO | D13: m2 | E13: 121.6591 | F13: 135.53474 | G13: 16489.034 | H13: =G13/$F$174 -> 0.043577809 | I13: =I12+H13 -> 0.35313137
A14: 14.1.2 | B14: ED-48951 | C14: CABO DE COBRE FLEXÍVEL, CLASSE 5, ISOLAMENTO TIPO LSHF/ATOX, NÃO HALOGENADO, ANTICHAMA, TERMOPLÁSTICO, UNIPOLAR, SEÇÃO 2,5 MM2, 70°C, 450/750V | D14: m | E14: 2318 | F14: 5.6585814 | G14: 13116.592 | H14: =G14/$F$174 -> 0.034664997 | I14: =I13+H14 -> 0.38779636
A15: 12.6.1 | B15: ED-50491 | C15: PINTURA ESMALTE EM ESQUADRIAS DE FERRO, DUAS (2) DEMÃOS, INCLUSIVE UMA (1) DEMÃO DE FUNDO ANTICORROSIVO | D15: m2 | E15: 209.286 | F15: 44.159125 | G15: 9241.8867 | H15: =G15/$F$174 -> 0.024424789 | I15: =I14+H15 -> 0.41222115
A16: 20.3.1 | B16: ED-50230 | C16: PONTO DE EMBUTIR SECO, PARA UMA (1) PLACA CEGA 4"X4", COM ELETRODUTO FLEXÍVEL CORRUGADO, ANTI-CHAMA, DN 25MM (3/4"), EMBUTIDO NA ALVENARIA E SONDA EM ARAME GALVANIZADO, DIÂMETRO DE 1,24MM (BWG 18), COM DISTÂNCIA DE ATÉ DEZ (10) METROS DO PONTO DE DERIVAÇÃO, INCLUSIVE CAIXA DE LIGAÇÃO, SUPORTE E FIXAÇÃO DO ELETRODUTO COM ENCHIMENTO DO RASGO NA ALVENARIA/CONCRETO COM ARGAMASSA | D16: un | E16: 43 | F16: 204.27602 | G16: 8783.8689 | H16: =G16/$F$174 -> 0.023214323 | I16: =I15+H16 -> 0.43543547
A17: 2.10.2 | B17: ED-48479 | C17: DEMOLIÇÃO MANUAL DE PISO CIMENTADO OU CONTRAPISO DE ARGAMASSA, COM ESPESSURA MÁXIMA DE 10CM, INCLUSIVE AFASTAMENTO E EMPILHAMENTO, EXCLUSIVE TRANSPORTE E RETIRADA DO MATERIAL DEMOLIDO | D17: m2 | E17: 351.5291 | F17: 24.693112 | G17: 8680.3475 | H17: =G17/$F$174 -> 0.022940733 | I17: =I16+H17 -> 0.45837621
A18: 2.10.1 | B18: ED-48480 | C18: DEMOLIÇÃO MANUAL DE PISO CERÂMICO OU LADRILHO HIDRÁULICO, INCLUSIVE AFASTAMENTO E EMPILHAMENTO, EXCLUSIVE DEMOLIÇÃO DE CONTRAPISO, TRANSPORTE E RETIRADA DO MATERIAL DEMOLIDO | D18: m2 | E18: 351.5291 | F18: 23.05348 | G18: 8103.9689 | H18: =G18/$F$174 -> 0.021417459 | I18: =I17+H18 -> 0.47979367
A19: 22.1.2 | B19: ED-51125 | C19: TRANSPORTE DE MATERIAL DEMOLIDO EM CAÇAMBA, EXCLUSIVE CARGA MANUAL OU MECÂNICA | D19: m3 | E19: 77.73145 | F19: 102.32293 | G19: 7953.7098 | H19: =G19/$F$174 -> 0.021020349 | I19: =I18+H19 -> 0.50081401
A20: 14.2.6 | B20: ED-49010 | C20: CABO DE COBRE FLEXÍVEL, CLASSE 5, ISOLAMENTO TIPO EPR/HEPR, NÃO HALOGENADO, ANTICHAMA, TERMOFIXO, UNIPOLAR, SEÇÃO 50 MM2, 90°C, 0,6/1KV | D20: m | E20: 110 | F20: 65.412707 | G20: 7195.3978 | H20: =G20/$F$174 -> 0.019016255 | I20: =I19+H20 -> 0.51983027
... A151: 9.2.3 | B151: MATED-9082 | C151: CERÂMICA ACABAMENTO ESMALTADO, AMBIENTE INTERNO/EXTERNO, PADRÃO EXTRA, DIMENSÃO DA PEÇA ATÉ 2025 CM2, PEI III, SOMENTE AS PEÇAS | D151: m2 | E151: 3.6685 | F151: 39.326524 | G151: 144.26935 | H151: =G151/$F$174 -> 0.00038128021 | I151: =I150+H151 -> 0.99501548
A152: 14.5.1 | B152: ED-17952 | C152: ELETRODUTO FLEXÍVEL CORRUGADO, PVC, ANTI-CHAMA, DN 25MM (3/4"), APLICADO EM ALVENARIA, EXCLUSIVE RASGO | D152: m | E152: 20 | F152: 6.7804352 | G152: 135.6087 | H152: =G152/$F$174 -> 0.00035839153 | I152: =I151+H152 -> 0.99537387 | J152: =ROUNDUP(E152*1.05,0) -> 21
A153: 2.1.1 | B153: ED-50699 | C153: CORTE DE ÁRVORE COM MOTOSSERRA, DIÂMETRO DO TRONCO ACIMA DE TRINTA (30) CENTÍMETROS ATÉ CINQUENTA (50) CENTÍMETROS, EXCLUSIVE DESTOCAMENTO E AFASTAMENTO | D153: un | E153: 1 | F153: 129.29673 | G153: 129.29673 | H153: =G153/$F$174 -> 0.00034171004 | I153: =I152+H153 -> 0.99571558 | J153: =ROUNDUP(E153*1.05,0) -> 2
A154: 14.9.5 | B154: ED-34477 | C154: DISJUNTOR BIPOLAR TIPO DIN, CORRENTE NOMINAL DE 32A, FORNECIMENTO E INSTALAÇÃO, INCLUSIVE TERMINAL ILHÓS | D154: un | E154: 2 | F154: 64.574399 | G154: 129.1488 | H154: =G154/$F$174 -> 0.00034131906 | I154: =I153+H154 -> 0.9960569 | J154: =ROUNDUP(E154*1.05,0) -> 3
A155: 6.1.1 | B155: ED-50983 | C155: PORTÃO DE GRADE, EXCLUSIVE CADEADO E PINTURA | D155: m2 | E155: 0.2325 | F155: 530.05744 | G155: 123.23835 | H155: =G155/$F$174 -> 0.00032569873 | I155: =I154+H155 -> 0.9963826 | J155: =ROUNDUP(E155*1.05,0) -> 1
A156: 2.6.1 | B156: ED-48437 | C156: REMOÇÃO MANUAL DE BANCADA DE PEDRA (MÁRMORE, GRANITO, ARDÓSIA, MARMORITE, ETC.), COM REAPROVEITAMENTO, INCLUSIVE RASGO EM ALVENARIA, REMOÇÃO DE ACESSÓRIOS DE FIXAÇÃO, AFASTAMENTO E EMPILHAMENTO, EXCLUSIVE TRANSPORTE E RETIRADA DO MATERIAL REMOVIDO NÃO REAPROVEITÁVEL | D156: m2 | E156: 1.65 | F156: 74.658755 | G156: 123.18695 | H156: =G156/$F$174 -> 0.00032556287 | I156: =I155+H156 -> 0.99670816 | J156: =ROUNDUP(E156*1.05,0) -> 2
A157: 14.3.2 | B157: ED-49188 | C157: CAIXA DE LIGAÇÃO/PASSAGEM EM PVC RÍGIDO PARA ELETRODUTO, DIMENSÕES 4"X4", EMBUTIDA EM ALVENARIA - FORNECIMENTO E INSTALAÇÃO | D157: un | E157: 6 | F157: 18.196222 | G157: 109.17733 | H157: =G157/$F$174 -> 0.00028853776 | I157: =I156+H157 -> 0.9969967
A158: 2.5.2 | B158: ED-48470 | C158: REMOÇÃO MANUAL DE METAIS COMUNS E ACABAMENTOS (TORNEIRA, ACABAMENTO PARA REGISTRO, SIFÃO, ENGATE FLEXÍVEL, ETC.), COM REAPROVEITAMENTO, INCLUSIVE AFASTAMENTO E EMPILHAMENTO, EXCLUSIVE TRANSPORTE E RETIRADA DO MATERIAL REMOVIDO NÃO REAPROVEITÁVEL | D158: un | E158: 12 | F158: 8.9625025 | G158: 107.55003 | H158: =G158/$F$174 -> 0.00028423707 | I158: =I157+H158 -> 0.99728094 | J158: =ROUNDUP(E158*1.05,0) -> 13
A159: 13.5.1 | B159: ED-48157 | C159: ASSENTO PARA VASO PNE (NBR 9050) | D159: U | E159: 2 | F159: 49.682098 | G159: 99.364196 | H159: =G159/$F$174 -> 0.00026260325 | I159: =I158+H159 -> 0.99754354 | J159: =ROUNDUP(E159*1.05,0) -> 3
A160: 18.2.2 | B160: ED-32247 | C160: PLACA FOTOLUMINESCENTE PARA SINALIZAÇÃO DE EMERGÊNCIA, TIPO "M2", DIMENSÃO (380X190)MM, INCLUSIVE FIXAÇÃO | D160: un | E160: 2 | F160: 48.498604 | G160: 96.997207 | H160: =G160/$F$174 -> 0.00025634769 | I160: =I159+H160 -> 0.99779989 | J160: =ROUNDUP(E160*1.05,0) -> 3
A161: 2.4.1 | B161: ED-48493 | C161: REMOÇÃO MANUAL DE ESQUADRIA EM MADEIRA, COM REAPROVEITAMENTO, INCLUSIVE REMOÇÃO DE MARCO/ALIZAR/GUARNIÇÕES, AFASTAMENTO E EMPILHAMENTO, EXCLUSIVE TRANSPORTE E RETIRADA DO MATERIAL REMOVIDO NÃO REAPROVEITÁVEL | D161: m2 | E161: 5.04 | F161: 18.627705 | G161: 93.883631 | H161: =G161/$F$174 -> 0.00024811902 | I161: =I160+H161 -> 0.99804801 | J161: =ROUNDUP(E161*1.05,0) -> 6
A162: 7.3.2 | B162: ED-50590 | C162: LAJE DE TRANSIÇÃO EM CONCRETO PREPARADO EM OBRA COM BETONEIRA COM FCK DE 10MPA, ESP. 8CM, EXCLUSIVE ARMAÇÃO, INCLUSIVE ACABAMENTO SARRAFEADO | D162: m2 | E162: 0.9 | F162: 102.89002 | G162: 92.60102 | H162: =G162/$F$174 -> 0.00024472929 | I162: =I161+H162 -> 0.99829274 | J162: =ROUNDUP(E162*1.05,0) -> 1
A163: 21.1.2 | B163: ED-50705 | C163: ENCHIMENTO DE RASGO EM ALVENARIA/CONCRETO COM ARGAMASSA, DIÂMETRO DE 32MM A 50MM (1.1/4" A 2"), INCLUSIVE ARGAMASSA, TRAÇO 1:2:8 (CIMENTO, CAL E AREIA), COM PREPARO MECANIZADO | D163: m | E163: 20 | F163: 4.6106959 | G163: 92.213918 | H163: =G163/$F$174 -> 0.00024370624 | I163: =I162+H163 -> 0.99853644 | J163: =ROUNDUP(E163*1.05,0) -> 21
A164: 14.4.7 | B164: ED-5621 | C164: PLACA 4"X2" PARA DOIS (2) MÓDULOS, INCLUSIVE FORNECIMENTO E INSTALAÇÃO, EXCLUSIVE SUPORTE E MÓDULO | D164: un | E164: 15 | F164: 5.9297988 | G164: 88.946981 | H164: =G164/$F$174 -> 0.00023507226 | I164: =I163+H164 -> 0.99877151
A165: 14.9.2 | B165: ED-49231 | C165: DISJUNTOR MONOPOLAR TERMOMAGNÉTICO 5KA, DE 20A | D165: un | E165: 3 | F165: 28.983278 | G165: 86.949835 | H165: =G165/$F$174 -> 0.00022979413 | I165: =I164+H165 -> 0.99900131
A166: 12.2.3 | B166: ED-50515 | C166: PREPARAÇÃO PARA EMASSAMENTO OU PINTURA (LÁTEX/ACRÍLICA) EM TETO, INCLUSIVE UMA (1) DEMÃO DE SELADOR ACRÍLICO | D166: m2 | E166: 7.21 | F166: 11.859598 | G166: 85.507698 | H166: =G166/$F$174 -> 0.0002259828 | I166: =I165+H166 -> 0.99922729
A167: 3.4.1 | B167: ED-27006 | C167: CONE PARA SINALIZAÇÃO/ISOLAMENTO DE ÁREAS, ALTURA 75CM, INCLUSIVE FORNECIMENTO E MOVIMENTAÇÃO | D167: un | E167: 10 | F167: 6.546202 | G167: 65.46202 | H167: =G167/$F$174 -> 0.00017300537 | I167: =I166+H167 -> 0.9994003
A168: 2.11.1 | B168: ED-48516 | C168: REMOÇÃO MANUAL DE VIDRO EM ESQUADRIAS, COM REAPROVEITAMENTO, INCLUSIVE LIMPEZA DO ENCAIXE, AFASTAMENTO E EMPILHAMENTO, EXCLUSIVE TRANSPORTE E RETIRADA DO MATERIAL REMOVIDO NÃO REAPROVEITÁVEL | D168: m2 | E168: 6.102 | F168: 9.0857831 | G168: 55.441449 | H168: =G168/$F$174 -> 0.00014652264 | I168: =I167+H168 -> 0.99954682
A169: 18.2.3 | B169: ED-32250 | C169: PLACA FOTOLUMINESCENTE PARA SINALIZAÇÃO DE EMERGÊNCIA, TIPO "M7", DIMENSÃO (380X190)MM, INCLUSIVE FIXAÇÃO | D169: un | E169: 1 | F169: 48.498604 | G169: 48.498604 | H169: =G169/$F$174 -> 0.00012817384 | I169: =I168+H169 -> 0.99967499
A170: 2.12.2 | B170: CPU 004 | C170: REMOÇÃO E RECOLOCAÇÃO DE MESAS | D170: un | E170: 3 | F170: 12.570927 | G170: 37.71278 | H170: =G170/$F$174 -> 9.9668685e-05 | I170: =I169+H170 -> 0.99977466
A171: 12.1.4 | B171: ED-50506 | C171: LIXAMENTO MANUAL EM TETO PARA REMOÇÃO DE TINTA | D171: m2 | E171: 7.21 | F171: 4.7093204 | G171: 33.9542 | H171: =G171/$F$174 -> 8.9735375e-05 | I171: =I170+H171 -> 0.9998644
A172: 14.4.8 | B172: ED-5622 | C172: PLACA 4"X2" PARA TRÊS (3) MÓDULOS, INCLUSIVE FORNECIMENTO E INSTALAÇÃO, EXCLUSIVE SUPORTE E MÓDULO | D172: un | E172: 4 | F172: 7.4091664 | G172: 29.636666 | H172: =G172/$F$174 -> 7.832484e-05 | I172: =I171+H172 -> 0.99994272
A173: 18.2.1 | B173: ED-29387 | C173: PLACA FOTOLUMINESCENTE PARA SINALIZAÇÃO DE EMERGÊNCIA, TIPO "A5", DIMENSÃO DA BASE 300MM, INCLUSIVE FIXAÇÃO | D173: un | E173: 1 | F173: 21.672736 | G173: 21.672736 | H173: =G173/$F$174 -> 5.7277483e-05 | I173: =I172+H173 -> 1
A174: TOTAL GERAL | F174: 378381.44

Sheet MEMÓRIA DE CÁLCULO
B1: =AMBIENTES!A$1 -> AMBIENTES | C1: =AMBIENTES!B$1 -> ÁREA | D1: =AMBIENTES!C$1 -> PER. | E1: =AMBIENTES!D$1 -> PD
B2: =AMBIENTES!$A$2 -> PLENÁRIO | C2: =AMBIENTES!$B$2 -> 103.3091 | D2: =AMBIENTES!$C$2 -> 42.38 | E2: =AMBIENTES!$D$2 -> 2.7
B3: =AMBIENTES!$A$3 -> RECEPÇÃO | C3: =AMBIENTES!$B$3 -> 41.92 | D3: =AMBIENTES!$C$3 -> 25.97 | E3: =AMBIENTES!$D$3 -> 2.7
B4: =AMBIENTES!$A$4 -> HALL PRESIDÊNCIA | C4: =AMBIENTES!$B$4 -> 1.6 | D4: =AMBIENTES!$C$4 -> 5.2 | E4: =AMBIENTES!$D$4 -> 2.7
B5: =AMBIENTES!$A$5 -> SALA DE SOM | C5: =AMBIENTES!$B$5 -> 4.98 | D5: =AMBIENTES!$C$5 -> 8.99 | E5: =AMBIENTES!$D$5 -> 2.7
B6: =AMBIENTES!$A$6 -> SALA DA PRESIDÊNCIA | C6: =AMBIENTES!$B$6 -> 11.39 | D6: =AMBIENTES!$C$6 -> 16.49 | E6: =AMBIENTES!$D$6 -> 2.7
B7: =AMBIENTES!$A$7 -> LAVABO S.PRESIDÊNCIA | C7: =AMBIENTES!$B$7 -> 2.16 | D7: =AMBIENTES!$C$7 -> 5.93 | E7: =AMBIENTES!$D$7 -> 2.9
B8: =AMBIENTES!$A$8 -> CIRCULAÇÃO 1 | C8: =AMBIENTES!$B$8 -> 5.65 | D8: =AMBIENTES!$C$8 -> 11.22 | E8: =AMBIENTES!$D$8 -> 2.7
B9: =AMBIENTES!$A$9 -> ARQUIVO | C9: =AMBIENTES!$B$9 -> 18.92 | D9: =AMBIENTES!$C$9 -> 17.76 | E9: =AMBIENTES!$D$9 -> 2.7
B10: =AMBIENTES!$A$10 -> SECRETARIA | C10: =AMBIENTES!$B$10 -> 35.13 | D10: =AMBIENTES!$C$10 -> 25.71 | E10: =AMBIENTES!$D$10 -> 2.7
B11: =AMBIENTES!$A$11 -> CIRCULAÇÃO 2 | C11: =AMBIENTES!$B$11 -> 7.25 | D11: =AMBIENTES!$C$11 -> 12.47 | E11: =AMBIENTES!$D$11 -> 2.7
B12: =AMBIENTES!$A$12 -> SALA ADMINISTRATIVA | C12: =AMBIENTES!$B$12 -> 8.41 | D12: =AMBIENTES!$C$12 -> 11.61 | E12: =AMBIENTES!$D$12 -> 2.9
B13: =AMBIENTES!$A$13 -> HALL BANHEIROS PcD | C13: =AMBIENTES!$B$13 -> 3.65 | D13: =AMBIENTES!$C$13 -> 11.1 | E13: =AMBIENTES!$D$13 -> 2.9
B14: =AMBIENTES!$A$14 -> I.S. PcD MASCULINO | C14: =AMBIENTES!$B$14 -> 3.12 | D14: =AMBIENTES!$C$14 -> 7.07 | E14: =AMBIENTES!$D$14 -> 2.9
B15: =AMBIENTES!$A$15 -> I.S. PcD FEMININO | C15: =AMBIENTES!$B$15 -> 3.17 | D15: =AMBIENTES!$C$15 -> 7.13 | E15: =AMBIENTES!$D$15 -> 2.9
B16: =AMBIENTES!$A$16 -> COZINHA | C16: =AMBIENTES!$B$16 -> 13.39 | D16: =AMBIENTES!$C$16 -> 15.2 | E16: =AMBIENTES!$D$16 -> 2.7
B17: =AMBIENTES!$A$17 -> SALA DE REUNIÃO | C17: =AMBIENTES!$B$17 -> 22.71 | D17: =AMBIENTES!$C$17 -> 18.65 | E17: =AMBIENTES!$D$17 -> 2.7
B18: =AMBIENTES!$A$18 -> CIRCULAÇÃO 3 | C18: =AMBIENTES!$B$18 -> 6.06 | D18: =AMBIENTES!$C$18 -> 11.92 | E18: =AMBIENTES!$D$18 -> 2.7
B19: =AMBIENTES!$A$19 -> DML | C19: =AMBIENTES!$B$19 -> 3.25 | D19: =AMBIENTES!$C$19 -> 8.1 | E19: =AMBIENTES!$D$19 -> 2.9
B20: =AMBIENTES!$A$20 -> POLÍCIA CIVIL | C20: =AMBIENTES!$B$20 -> 8.47 | D20: =AMBIENTES!$C$20 -> 1.19 | E20: =AMBIENTES!$D$20 -> 2.7
B21: =AMBIENTES!$A$21 -> ATENDIMENTO CAC | C21: =AMBIENTES!$B$21 -> 8.89 | D21: =AMBIENTES!$C$21 -> 12.11 | E21: =AMBIENTES!$D$21 -> 2.7
B22: =AMBIENTES!$A$22 -> RECEPÇÃO CAC | C22: =AMBIENTES!$B$22 -> 12.23 | D22: =AMBIENTES!$C$22 -> 14.8 | E22: =AMBIENTES!$D$22 -> 2.7
B23: =AMBIENTES!$A$23 -> LAVABO CAC | C23: =AMBIENTES!$B$23 -> 1.8 | D23: =AMBIENTES!$C$23 -> 5.78 | E23: =AMBIENTES!$D$23 -> 2.9
B24: =AMBIENTES!$A$24 -> CALÇADA | C24: =AMBIENTES!$B$24 -> 72.79 | D24: =AMBIENTES!$C$24 -> 49.83 | E24: =AMBIENTES!$D$24 -> 0
B25: =AMBIENTES!$A$25 -> PISO EXTERNO FRENTE | C25: =AMBIENTES!$B$25 -> 131.98 | D25: =AMBIENTES!$C$25 -> 89.44 | E25: =AMBIENTES!$D$25 -> 0
B26: =AMBIENTES!$A$26 -> PISO EXTERNO LATERAL DIREITA | C26: =AMBIENTES!$B$26 -> 24.77 | D26: =AMBIENTES!$C$26 -> 27.85 | E26: =AMBIENTES!$D$26 -> 0
B27: =AMBIENTES!$A$27 -> FACHADA | C27: =AMBIENTES!$B$27 -> 92.45 | D27: =AMBIENTES!$C$27 -> 0 | E27: =AMBIENTES!$D$27 -> 4
A29: ITEM | B29: DESCRIÇÃO | C29: UNID. / ÁREA | D29: PER. | E29: PD
A30: ='PLANILHA COM VALORES'!A14 -> 2.1.1 | B30: ='PLANILHA COM VALORES'!C14 -> CORTE DE ÁRVORE COM MOTOSSERRA, DIÂMETRO DO TRONCO ACIMA DE TRINTA (30) CENTÍMETROS ATÉ CINQUENTA (50) CENTÍMETROS, EXCLUSIVE DESTOCAMENTO E AFASTAMENTO | C30: ='PLANILHA COM VALORES'!D14 -> un | D30: =C31 -> 1
B31: PRÓXIMO AO HIDRÔMETRO (PROMOVER ACESSIBILIDADE) | C31: 1 | D31: =AMBIENTES!$C$24 -> 49.83 | E31: =AMBIENTES!$D$24 -> 0
A32: ='PLANILHA COM VALORES'!A16 -> 2.2.1 | B32: ='PLANILHA COM VALORES'!C16 -> REMOÇÃO MANUAL DE LUMINÁRIA COMERCIAL, EMBUTIDA OU SOBREPOR, COM REAPROVEITAMENTO, INCLUSIVE AFASTAMENTO E EMPILHAMENTO, EXCLUSIVE TRANSPORTE E RETIRADA DO MATERIAL REMOVIDO NÃO REAPROVEITÁVEL | C32: ='PLANILHA COM VALORES'!D16 -> un | D32: =SUM(C33:C39) -> 37
B33: =AMBIENTES!$A$2 -> PLENÁRIO | C33: 21
B34: =AMBIENTES!$A$3 -> RECEPÇÃO | C34: 9
B35: =AMBIENTES!$A$11 -> CIRCULAÇÃO 2 | C35: 2
B36: =AMBIENTES!$A$12 -> SALA ADMINISTRATIVA | C36: 1
B37: BANHEIRO MASCULINO | C37: 1
B38: BANHEIRO FEMININO | C38: 1
B39: =AMBIENTES!$A$18 -> CIRCULAÇÃO 3 | C39: 2
A40: ='PLANILHA COM VALORES'!A17 -> 2.2.2 | B40: ='PLANILHA COM VALORES'!C17 -> REMOÇÃO MANUAL DE LUMINÁRIA COMPACTA (PLAFON, PAINEL LED, ETC.) EMBUTIDA OU SOBREPOR, COM REAPROVEITAMENTO, INCLUSIVE AFASTAMENTO E EMPILHAMENTO, EXCLUSIVE TRANSPORTE E RETIRADA DO MATERIAL REMOVIDO NÃO REAPROVEITÁVEL | C40: ='PLANILHA COM VALORES'!D17 -> un | D40: =SUM(C41:C53) -> 41
B41: =AMBIENTES!$A$3 -> RECEPÇÃO | C41: 2
B42: =AMBIENTES!$A$6 -> SALA DA PRESIDÊNCIA | C42: 2
B43: =AMBIENTES!$A$7 -> LAVABO S.PRESIDÊNCIA | C43: 1
B44: =AMBIENTES!$A$9 -> ARQUIVO | C44: 3
B45: =AMBIENTES!$A$10 -> SECRETARIA | C45: 6
B46: =AMBIENTES!$A$16 -> COZINHA | C46: 2
B47: =AMBIENTES!$A$17 -> SALA DE REUNIÃO | C47: 4
B48: =AMBIENTES!$A$19 -> DML | C48: 1
B49: =AMBIENTES!$A$20 -> POLÍCIA CIVIL | C49: 1
B50: =AMBIENTES!$A$21 -> ATENDIMENTO CAC | C50: 1
B51: =AMBIENTES!$A$22 -> RECEPÇÃO CAC | C51: 2
B52: =AMBIENTES!$A$23 -> LAVABO CAC | C52: 1
B53: =AMBIENTES!$A$27 -> FACHADA | C53: 15
A54: ='PLANILHA COM VALORES'!A18 -> 2.2.3 | B54: ='PLANILHA COM VALORES'!C18 -> REMOÇÃO MANUAL DE QUADRO DE DISTRIBUIÇÃO, COM REAPROVEITAMENTO, REMOÇÃO DE ACESSÓRIOS DE FIXAÇÃO, AFASTAMENTO E EMPILHAMENTO, EXCLUSIVE TRANSPORTE E RETIRADA DO MATERIAL REMOVIDO NÃO REAPROVEITÁVEL | C54: ='PLANILHA COM VALORES'!D18 -> un | D54: =SUM(C55:C56) -> 2
B55: =AMBIENTES!$A$3 -> RECEPÇÃO | C55: 1
B56: =AMBIENTES!$A$16 -> COZINHA | C56: 1
A57: ='PLANILHA COM VALORES'!A21 -> 2.3.1 | B57: ='PLANILHA COM VALORES'!C21 -> REMOÇÃO MANUAL DE FORRO DE PLACAS (GESSO, MINERAL, FIBRA, ISOPOR, COLMEIA, PVC, ETC.), COM REAPROVEITAMENTO, INCLUSIVE AFASTAMENTO E EMPILHAMENTO, EXCLUSIVE DEMOLIÇÃO DA ESTRUTURA DE SUSTENTAÇÃO, TRANSPORTE E RETIRADA DO MATERIAL REMOVIDO NÃO REAPROVEITÁVEL | C57: ='PLANILHA COM VALORES'!D21 -> m2 | D57: =SUM(C58:C72) -> 301.8991
B58: =AMBIENTES!$A$2 -> PLENÁRIO | C58: =AMBIENTES!$B$2 -> 103.3091
B59: =AMBIENTES!$A$3 -> RECEPÇÃO | C59: =AMBIENTES!$B$3 -> 41.92
B60: =AMBIENTES!$A$4 -> HALL PRESIDÊNCIA | C60: =AMBIENTES!$B$4 -> 1.6
B61: =AMBIENTES!$A$5 -> SALA DE SOM | C61: =AMBIENTES!$B$5 -> 4.98
B62: =AMBIENTES!$A$6 -> SALA DA PRESIDÊNCIA | C62: =AMBIENTES!$B$6 -> 11.39
B63: =AMBIENTES!$A$8 -> CIRCULAÇÃO 1 | C63: =AMBIENTES!$B$8 -> 5.65
B64: =AMBIENTES!$A$9 -> ARQUIVO | C64: =AMBIENTES!$B$9 -> 18.92
B65: =AMBIENTES!$A$10 -> SECRETARIA | C65: =AMBIENTES!$B$10 -> 35.13
B66: =AMBIENTES!$A$11 -> CIRCULAÇÃO 2 | C66: =AMBIENTES!$B$11 -> 7.25
B67: =AMBIENTES!$A$16 -> COZINHA | C67: =AMBIENTES!$B$16 -> 13.39
B68: =AMBIENTES!$A$17 -> SALA DE REUNIÃO | C68: =AMBIENTES!$B$17 -> 22.71
B69: =AMBIENTES!$A$18 -> CIRCULAÇÃO 3 | C69: =AMBIENTES!$B$18 -> 6.06
B70: =AMBIENTES!$A$20 -> POLÍCIA CIVIL | C70: =AMBIENTES!$B$20 -> 8.47
B71: =AMBIENTES!$A$21 -> ATENDIMENTO CAC | C71: =AMBIENTES!$B$21 -> 8.89
B72: =AMBIENTES!$A$22 -> RECEPÇÃO CAC | C72: =AMBIENTES!$B$22 -> 12.23
A73: ='PLANILHA COM VALORES'!A23 -> 2.4.1 | B73: ='PLANILHA COM VALORES'!C23 -> REMOÇÃO MANUAL DE ESQUADRIA EM MADEIRA, COM REAPROVEITAMENTO, INCLUSIVE REMOÇÃO DE MARCO/ALIZAR/GUARNIÇÕES, AFASTAMENTO E EMPILHAMENTO, EXCLUSIVE TRANSPORTE E RETIRADA DO MATERIAL REMOVIDO NÃO REAPROVEITÁVEL | C73: ='PLANILHA COM VALORES'!D23 -> m2 | D73: =SUM(F74:F75) -> 5.04
B74: =AMBIENTES!$A$4 -> HALL PRESIDÊNCIA | C74: 0.8 | D74: 2.1 | E74: 1 | F74: =C74*D74*E74 -> 1.68
B75: =AMBIENTES!$A$13 -> HALL BANHEIROS PcD | C75: 0.8 | D75: 2.1 | E75: 2 | F75: =C75*D75*E75 -> 3.36
A76: ='PLANILHA COM VALORES'!A25 -> 2.5.1 | B76: ='PLANILHA COM VALORES'!C25 -> REMOÇÃO DE LOUÇAS (LAVATÓRIO, BANHEIRA, PIA, VASO SANITÁRIO, TANQUE), COM REAPROVEITAMENTO, INCLUSIVE AFASTAMENTO E EMPILHAMENTO, EXCLUSIVE TRANSPORTE E RETIRADA DO MATERIAL REMOVIDO NÃO REAPROVEITÁVEL | C76: ='PLANILHA COM VALORES'!D25 -> un | D76: =SUM(C78:C85) -> 6
B77: =AMBIENTES!$A$12 -> SALA ADMINISTRATIVA
B78: LAVATÓRIO | C78: 1
B79: VASO | C79: 1
B80: BANHEIRO MASCULINO
B81: LAVATÓRIO | C81: 1
B82: VASO | C82: 1
B83: BANHEIRO FEMININO
B84: LAVATÓRIO | C84: 1
B85: VASO | C85: 1
A86: ='PLANILHA COM VALORES'!A26 -> 2.5.2 | B86: ='PLANILHA COM VALORES'!C26 -> REMOÇÃO MANUAL DE METAIS COMUNS E ACABAMENTOS (TORNEIRA, ACABAMENTO PARA REGISTRO, SIFÃO, ENGATE FLEXÍVEL, ETC.), COM REAPROVEITAMENTO, INCLUSIVE AFASTAMENTO E EMPILHAMENTO, EXCLUSIVE TRANSPORTE E RETIRADA DO MATERIAL REMOVIDO NÃO REAPROVEITÁVEL | C86: ='PLANILHA COM VALORES'!D26 -> un | D86: =SUM(C88:C101) -> 12
B87: =AMBIENTES!$A$12 -> SALA ADMINISTRATIVA
B88: TORNEIRA | C88: 1
B89: SIFÃO | C89: 1
B90: ENGATE FLEXÍVEL | C90: 1
B91: REGISTRO | C91: 1
B92: BANHEIRO MASCULINO
B93: TORNEIRA | C93: 1
B94: SIFÃO | C94: 1
B95: ENGATE FLEXÍVEL | C95: 1
B96: REGISTRO | C96: 1
B97: BANHEIRO FEMININO
B98: TORNEIRA | C98: 1
B99: SIFÃO | C99: 1
B100: ENGATE FLEXÍVEL | C100: 1
B101: REGISTRO | C101: 1
...

Sheet CPU's
A2: Código | C2: CPU 001
A3: Produção de Equipe | C3: 1,0 un
A4: (B) Total | I4: 0,0000
A5: Custo Horário da Execução (A) + (B) + (C) | I5: 0,0000
A6: (D) Produção de equipe | I6: 1,0000
A7: (E) Custo Unitário da Execução [(A) + (B) + (C)] / (D): | I7: 0,0000
A8: F | B8: Material | D8: Quant. | E8: Unidade | F8: Preço Unitário | I8: Custo Horário
A9: MATED-11922 | B9: BARRAMENTO COM SUPORTE PARA QUADRO (PADRÃO: DIN|TIPO: NEUTRO/TERRA|POLOS/TERMINAIS: 12) | D9: 2,00000 | E9: un | F9: 13.95 | I9: =D9*F9 -> 27.9
A10: MATED-17098 | B10: QUADRO DE DISTRIBUIÇÃO (CAPACIDADE: 12 DISJUNTORES DIN|MATERIAL: PVC|BARRAMENTO NÃO INCLUSO|TIPO: SOBREPOR) | D10: 1,00000 | E10: un | F10: 77.27 | I10: =D10*F10 -> 77.27
A11: (F)Total | I11: =I9+I10 -> 105.17
A12: G | B12: SERVIÇOS | D12: Quant. | E12: Unidade | F12: Preço Unitário | I12: Custo Horário
A13: ED-50362 | B13: AJUDANTE DE ELETRICISTA COM ENCARGOS COMPLEMENTARES | D13: 0,45833 | E13: hora | F13: 25.52 | I13: =D13*F13 -> 11.696582
A14: ED-50373 | B14: ELETRICISTA COM ENCARGOS COMPLEMENTARES | D14: 0,45833 | E14: hora | F14: 31.64 | I14: =D14*F14 -> 14.501561
A15: (G)Total: | I15: =I13+I14 -> 26.198143
A16: Custo Direto Total (E) + (F) + (G) + (H): | I16: =I11+I15 -> 131.36814
A19: Código | C19: CPU 001
A20: Produção de Equipe | C20: 1,0 un
A21: (B) Total | I21: 0,0000
A22: Custo Horário da Execução (A) + (B) + (C) | I22: 0,0000
A23: (D) Produção de equipe | I23: 1,0000
A24: (E) Custo Unitário da Execução [(A) + (B) + (C)] / (D): | I24: 0,0000
A25: G | B25: SERVIÇOS | D25: Quant. | E25: Unidade | F25: Preço Unitário | I25: Custo Horário
A26: ED-50362 | B26: AJUDANTE DE ELETRICISTA COM ENCARGOS COMPLEMENTARES | D26: 2 | E26: hora | F26: 25.52 | I26: =D26*F26 -> 51.04
A27: ED-50373 | B27: ELETRICISTA COM ENCARGOS COMPLEMENTARES | D27: 2 | E27: hora | F27: 31.64 | I27: =D27*F27 -> 63.28
A28: (G)Total: | I28: =I26+I27 -> 114.32
A29: Custo Direto Total (E) + (F) + (G) + (H): | I29: =I24+I28 -> 114.32
A31: Código | C31: CPU 002
A32: Produção de Equipe | C32: 1,0 un
A33: (B) Total | I33: 0,0000
A34: Custo Horário da Execução (A) + (B) + (C) | I34: 0,0000
A35: (D) Produção de equipe | I35: 1,0000
A36: (E) Custo Unitário da Execução [(A) + (B) + (C)] / (D): | I36: 0,0000
A37: G | B37: SERVIÇOS | D37: Quant. | E37: Unidade | F37: Preço Unitário | I37: Custo Horário
A38: ED-50362 | B38: AJUDANTE DE ELETRICISTA COM ENCARGOS COMPLEMENTARES | D38: 0.12 | E38: hora | F38: 25.52 | I38: =D38*F38 -> 3.0624
A39: ED-50373 | B39: ELETRICISTA COM ENCARGOS COMPLEMENTARES | D39: 0.12 | E39: hora | F39: 31.64 | I39: =D39*F39 -> 3.7968
A40: ED-50374 | B40: BOMBEIRO/ENCANADOR COM ENCARGOS COMPLEMENTARES | D40: 0.025 | E40: hora | F40: 30.49 | I40: =D40*F40 -> 0.76225
A41: ED-50363 | B41: AJUDANTE DE BOMBEIRO/ENCANADOR COM ENCARGOS COMPLEMENTARES | D41: 0.025 | E41: hora | F41: 24.49 | I41: =D41*F41 -> 0.61225
A42: (G)Total: | I42: =SUM(I38:I41) -> 8.2337
A43: Custo Direto Total (E) + (F) + (G) + (H): | I43: =I36+I42 -> 8.2337
A45: Código | C45: CPU 003
A46: Produção de Equipe | C46: 1,0 un
A47: (B) Total | I47: 0,0000
A48: Custo Horário da Execução (A) + (B) + (C) | I48: 0,0000
A49: (D) Produção de equipe | I49: 1,0000
A50: (E) Custo Unitário da Execução [(A) + (B) + (C)] / (D): | I50: 0,0000
A51: G | B51: SERVIÇOS | D51: Quant. | E51: Unidade | F51: Preço Unitário | I51: Custo Horário
A52: ED-50367 | B52: SERVENTE COM ENCARGOS COMPLEMENTARES | D52: 0.15 | E52: hora | F52: 22.66 | I52: =D52*F52 -> 3.399
A53: (G)Total: | I53: =I52 -> 3.399
A54: Custo Direto Total (E) + (F) + (G) + (H): | I54: =I50+I53 -> 3.399
A56: Código | C56: CPU 004
A57: Produção de Equipe | C57: 1,0 un
A58: (B) Total | I58: 0,0000
A59: Custo Horário da Execução (A) + (B) + (C) | I59: 0,0000
A60: (D) Produção de equipe | I60: 1,0000
A61: (E) Custo Unitário da Execução [(A) + (B) + (C)] / (D): | I61: 0,0000
A62: G | B62: SERVIÇOS | D62: Quant. | E62: Unidade | F62: Preço Unitário | I62: Custo Horário
A63: ED-50367 | B63: SERVENTE COM ENCARGOS COMPLEMENTARES | D63: 0.45 | E63: hora | F63: 22.66 | I63: =D63*F63 -> 10.197
A64: (G)Total: | I64: =I63 -> 10.197
A65: Custo Direto Total (E) + (F) + (G) + (H): | I65: =I61+I64 -> 10.197
A67: Código | C67: CPU 005
A68: Produção de Equipe | C68: 1,0 un
A69: (B) Total | I69: 0,0000
A70: Custo Horário da Execução (A) + (B) + (C) | I70: 0,0000
A71: (D) Produção de equipe | I71: 1,0000
A72: (E) Custo Unitário da Execução [(A) + (B) + (C)] / (D): | I72: 0,0000
A73: G | B73: SERVIÇOS | D73: Quant. | E73: Unidade | F73: Preço Unitário | I73: Custo Horário
A74: MERCADO | B74: PROJETO, CONFECÇÃO, ENTREGA E INSTALAÇÃO DE MÓVEIS PLANEJADOS EM MADEIRA MDF (MEDIUM DENSITY FIBERBOARD) COM, NO MINIMO, 18 MM DE ESPESSURA, REVESTIDA EM LAMINADO MELANÍMICO DE BAIXA PRESSÃO TEXTURIZADO EM AMBAS AS FAIXAS, EM COR MADEIRADO FOSCO | D74: 1 | E74: m2 | F74: 1250 | I74: =D74*F74 -> 1250
A75: (G)Total: | I75: =I74 -> 1250
A76: Custo Direto Total (E) + (F) + (G) + (H): | I76: =I72+I75 -> 1250
A78: Código | C78: CPU 006
A79: Produção de Equipe | C79: 1,0 un
A80: (B) Total | I80: 0,0000
A81: Custo Horário da Execução (A) + (B) + (C) | I81: 0,0000
A82: (D) Produção de equipe | I82: 1,0000
A83: (E) Custo Unitário da Execução [(A) + (B) + (C)] / (D): | I83: 0,0000
A84: G | B84: SERVIÇOS | D84: Quant. | E84: Unidade | F84: Preço Unitário | I84: Custo Horário
A85: MERCADO | B85: PROJETO, CONFECÇÃO, ENTREGA E INSTALAÇÃO DE PAINEL EM ACM (ALUMINIUM COMPOSITE MATERIAL) PARA FACHADA COM A LOGOMARCA DA CÂMARA E A DESCRIÇÃO "CÂMARA MUNICIPAL DE CAETANÓPOLIS" EM CAIXA LED CONFORME PADRÃO EXISTENTE | D85: 1 | E85: m2 | F85: 850 | I85: =D85*F85 -> 850
A86: ED-50362 | B86: AJUDANTE DE ELETRICISTA COM ENCARGOS COMPLEMENTARES | D86: 0.5 | E86: hora | F86: 25.52 | I86: =D86*F86 -> 12.76
A87: ED-50373 | B87: ELETRICISTA COM ENCARGOS COMPLEMENTARES | D87: 0.5 | E87: hora | F87: 31.64 | I87: =D87*F87 -> 15.82
A88: (G)Total: | I88: =I85+I86+I87 -> 878.58
A89: Custo Direto Total (E) + (F) + (G) + (H): | I89: =I83+I88 -> 878.58
A91: Código | C91: CPU 008
A92: Produção de Equipe | C92: 1,0 un
A93: (B) Total | I93: 0,0000
A94: Custo Horário da Execução (A) + (B) + (C) | I94: 0,0000
A95: (D) Produção de equipe | I95: 1,0000
A96: (E) Custo Unitário da Execução [(A) + (B) + (C)] / (D): | I96: 0,0000
A97: G | B97: SERVIÇOS | D97: Quant. | E97: Unidade | F97: Preço Unitário | I97: Custo Horário
A98: ED-50362 | B98: AJUDANTE DE ELETRICISTA COM ENCARGOS COMPLEMENTARES | D98: 1.047619 | E98: hora | F98: 25.52 | I98: =D98*F98 -> 26.735237
A99: ED-50373 | B99: ELETRICISTA COM ENCARGOS COMPLEMENTARES | D99: 1.047619 | E99: hora | F99: 31.64 | I99: =D99*F99 -> 33.146665
A100: (G)Total: | I100: =I98+I99 -> 59.881902
A101: Custo Direto Total (E) + (F) + (G) + (H): | I101: =I96+I100 -> 59.881902
A104: Código | C104: CPU 009
A105: Produção de Equipe | C105: 1,0 un
A106: (B) Total | I106: 0,0000
A107: Custo Horário da Execução (A) + (B) + (C) | I107: 0,0000
A108: (D) Produção de equipe | I108: 1,0000
A109: (E) Custo Unitário da Execução [(A) + (B) + (C)] / (D): | I109: 0,0000
A110: G | B110: SERVIÇOS | D110: Quant. | E110: Unidade | F110: Preço Unitário | I110: Custo Horário
A111: ED-50362 | B111: AJUDANTE DE ELETRICISTA COM ENCARGOS COMPLEMENTARES | D111: 0.2291666 | E111: hora | F111: 25.52 | I111: =D111*F111 -> 5.8483316
...

Sheet CRONOGRAMA FÍSICO-FINANCEIRO
A1: CRONOGRAMA FÍSICO-FINANCEIRO
A2: CLIENTE: | B2: Câmara Municipal de Caetanópolis/MG | D2: PRAZO: | E2: 2 | F2: MESES
A3: OBRA: | B3: Obras de reforma elétrica e estrutural das dependências da Câmara Municipal de Caetanópolis/MG | D3: BDI: | E3: 0.2328064
A4: REFERÊNCIA: | B4: SETOP - 07/2025 | D4: ENC. SOCIAIS: | E4: 1.1663 | F4: HORISTA
A5: ITEM | B5: CÓDIGO | C5: DESCRIÇÃO DOS SERVIÇOS | D5: VALOR | E5: MÊS 1 | F5: MÊS 2
D6: PESO
A8: 1 | B8: 8662 | C8: MOBILIZAÇÃO E DESMOBILIZAÇÃO DE OBRA | D8: ='PLANILHA COM VALORES'!I11 -> 0 | E8: =$D8*E$9 -> 0 | F8: =$D8*F$9 -> 0
D9: =D8/$D$56 -> #DIV/0! | E9: 0.5 | F9: 0.5
A10: 2 | B10: 8663 | C10: SERVIÇOS PRELIMINARES | D10: ='PLANILHA COM VALORES'!I45 -> 0 | E10: =E11*D10 -> 0 | F10: =D10*F11 -> 0
D11: =D10/$D$56 -> #DIV/0! | E11: 0.55 | F11: 0.45
A12: 3 | B12: 8664 | C12: INSTALAÇÕES PROVISÓRIAS | D12: ='PLANILHA COM VALORES'!I57 -> 0 | E12: =D12*E13 -> 0 | F12: =D12*F13 -> 0
D13: =D12/$D$56 -> #DIV/0! | E13: =1-F13 -> 0.85392156 | F13: 0.14607844
A14: 4 | B14: 8665 | C14: TERRAPLENAGEM/TRABALHOS EM TERRA | D14: ='PLANILHA COM VALORES'!I61 -> 0 | E14: =D14*E15 -> 0 | F14: =D14*F15 -> 0
D15: =D14/$D$56 -> #DIV/0! | E15: 1
A16: 5 | B16: 8669 | C16: ALVENARIAS E DIVISÓRIAS | D16: ='PLANILHA COM VALORES'!I69 -> 0 | E16: =D16*E17 -> 0 | F16: =D16*F17 -> 0
D17: =D16/$D$56 -> #DIV/0! | E17: 0.5 | F17: 0.5
A18: 6 | B18: 8670 | C18: ESQUADRIAS E FERRAGENS | D18: ='PLANILHA COM VALORES'!I77 -> 0 | E18: =D18*E19 -> 0 | F18: =D18*F19 -> 0
D19: =D18/$D$56 -> #DIV/0! | F19: 1
A20: 7 | B20: 8673 | C20: PISOS | D20: ='PLANILHA COM VALORES'!I96 -> 0 | E20: =D20*E21 -> 0 | F20: =D20*F21 -> 0
D21: =D20/$D$56 -> #DIV/0! | E21: 0.35 | F21: 0.65
A22: 8 | B22: 8674 | C22: RODAPÉ, SOLEIRA E PEITORIL | D22: ='PLANILHA COM VALORES'!I102 -> 0 | E22: =D22*E23 -> 0 | F22: =D22*F23 -> 0
D23: =D22/$D$56 -> #DIV/0! | F23: 1
A24: 9 | B24: 8675 | C24: REVESTIMENTOS | D24: ='PLANILHA COM VALORES'!I113 -> 0 | E24: =D24*E25 -> 0 | F24: =D24*F25 -> 0
D25: =D24/$D$56 -> #DIV/0! | E25: 0.35 | F25: 0.65
A26: 10 | B26: 8676 | C26: FORROS | D26: ='PLANILHA COM VALORES'!I120 -> 0 | E26: =D26*E27 -> 0 | F26: =D26*F27 -> 0
D27: =D26/$D$56 -> #DIV/0! | E27: 1
A28: 11 | B28: 8677 | C28: MARCENARIA E SERRALHERIA | D28: ='PLANILHA COM VALORES'!I130 -> 0 | E28: =D28*E29 -> 0 | F28: =D28*F29 -> 0
D29: =D28/$D$56 -> #DIV/0! | E29: =1-F29 -> 0.85906359 | F29: 0.14093641
A30: 12 | B30: 8678 | C30: PINTURA | D30: ='PLANILHA COM VALORES'!I153 -> 0 | E30: =D30*E31 -> 0 | F30: =D30*F31 -> 0
D31: =D30/$D$56 -> #DIV/0! | E31: 0.35 | F31: 0.65
A32: 13 | B32: 8679 | C32: LOUÇAS, METAIS E ACESSÓRIOS | D32: ='PLANILHA COM VALORES'!I173 -> 0 | E32: =D32*E33 -> 0 | F32: =D32*F33 -> 0
D33: =D32/$D$56 -> #DIV/0! | F33: 1
A34: 14 | B34: 8681 | C34: INSTALAÇÕES ELÉTRICAS | D34: ='PLANILHA COM VALORES'!I229 -> 0 | E34: =D34*E35 -> 0 | F34: =D34*F35 -> 0
D35: =D34/$D$56 -> #DIV/0! | E35: 0.5 | F35: 0.5
A36: 15 | B36: 8682 | C36: INSTALAÇÕES DE REDE LÓGICA E TELEFONIA | D36: ='PLANILHA COM VALORES'!I238 -> 0 | E36: =D36*E37 -> 0 | F36: =D36*F37 -> 0
D37: =D36/$D$56 -> #DIV/0! | E37: 0.5 | F37: 0.5
A38: 16 | B38: 8684 | C38: INSTALAÇÕES DE SPDA | D38: ='PLANILHA COM VALORES'!I242 -> 0 | E38: =D38*E39 -> 0 | F38: =D38*F39 -> 0
D39: =D38/$D$56 -> #DIV/0! | F39: 1
A40: 17 | B40: 8685 | C40: INSTALAÇÕES HIDROSSANITÁRIAS | D40: ='PLANILHA COM VALORES'!I253 -> 0 | E40: =D40*E41 -> 0 | F40: =D40*F41 -> 0
D41: =D40/$D$56 -> #DIV/0! | E41: 1
A42: 18 | B42: 8687 | C42: PREVENÇÃO E COMBATE A INCÊNDIO | D42: ='PLANILHA COM VALORES'!I263 -> 0 | E42: =D42*E43 -> 0 | F42: =D42*F43 -> 0
D43: =D42/$D$56 -> #DIV/0! | F43: 1
A44: 19 | B44: 8689 | C44: VIDROS E ESPELHOS | D44: ='PLANILHA COM VALORES'!I270 -> 0 | E44: =D44*E45 -> 0 | F44: =D44*F45 -> 0
D45: =D44/$D$56 -> #DIV/0! | F45: 1
A46: 20 | B46: 8691 | C46: PONTOS DE INSTALAÇÕES | D46: ='PLANILHA COM VALORES'!I280 -> 0 | E46: =D46*E47 -> 0 | F46: =D46*F47 -> 0
D47: =D46/$D$56 -> #DIV/0! | E47: 0.5 | F47: 0.5
A48: 21 | B48: 8693 | C48: SERVIÇOS COMPLEMENTARES | D48: ='PLANILHA COM VALORES'!I289 -> 0 | E48: =D48*E49 -> 0 | F48: =D48*F49 -> 0
D49: =D48/$D$56 -> #DIV/0! | E49: 0.8 | F49: 0.2
A50: 22 | B50: 8697 | C50: TRANSPORTES | D50: ='PLANILHA COM VALORES'!I294 -> 0 | E50: =D50*E51 -> 0 | F50: =D50*F51 -> 0
D51: =D50/$D$56 -> #DIV/0! | E51: 1
A52: 23 | B52: 50 | C52: MÃO DE OBRA COM ENCARGOS COMPLEMENTARES | D52: ='PLANILHA COM VALORES'!I301 -> 0 | E52: =D52*E53 -> 0 | F52: =D52*F53 -> 0
D53: =D52/$D$56 -> #DIV/0! | E53: 1
A54: 24 | B54: 38 | C54: RELATÓRIO TÉCNICO | D54: ='PLANILHA COM VALORES'!I304 -> 0 | E54: =D54*E55 -> 0 | F54: =D54*F55 -> 0
D55: =D54/$D$56 -> #DIV/0! | F55: 1
A56: TOTAL GERAL (R$) | D56: =D8+D10+D12+D14+D16+D18+D20+D22+D24+D26+D28+D30+D32+D34+D36+D38+D40+D42+D44+D46+D48+D50+D52+D54 -> 0
A57: TOTAL GERAL (%) | D57: =D9+D11+D13+D15+D17+D19+D21+D23+D25+D27+D29+D31+D33+D35+D37+D39+D41+D43+D45+D47+D49+D51+D53+D55 -> #DIV/0!
A58: TOTAL MÊS | D58: =D8+D10+D12+D14+D16+D18+D20+D22+D24+D26+D28+D30+D32+D34+D36+D38+D40+D42+D44+D46+D48+D50+D52+D54 -> 0 | E58: =E8+E10+E12+E14+E16+E18+E20+E22+E24+E26+E28+E30+E32+E34+E36+E38+E40+E42+E44+E46+E48+E50+E52+E54 -> 0 | F58: =F8+F10+F12+F14+F16+F18+F20+F22+F24+F26+F28+F30+F32+F34+F36+F38+F40+F42+F44+F46+F48+F50+F52+F54 -> 0
A59: TOTAL ACUMULADO | E59: =E58 -> 0 | F59: =E59+F58 -> 0
A60: PERCENTUAL MÊS | E60: =E58/D56 -> #DIV/0! | F60: =F58/D56 -> #DIV/0!
A61: PERCENTUAL ACUMULADO | E61: =E60 -> #DIV/0! | F61: =E61+F60 -> #DIV/0!

Sheet AMBIENTES
A1: AMBIENTES | B1: ÁREA | C1: PER. | D1: PD | E1: REV.
A2: PLENÁRIO | B2: 103.3091 | C2: 42.38 | D2: 2.7 | E2: =C2*D2 -> 114.426 | F2: =12 -> 12
A3: RECEPÇÃO | B3: 41.92 | C3: 25.97 | D3: 2.7 | E3: =C3*D3 -> 70.119 | F3: =1 -> 1
A4: HALL PRESIDÊNCIA | B4: 1.6 | C4: 5.2 | D4: 2.7 | E4: =C4*D4 -> 14.04
A5: SALA DE SOM | B5: 4.98 | C5: 8.99 | D5: 2.7 | E5: =C5*D5 -> 24.273 | F5: =2 -> 2
A6: SALA DA PRESIDÊNCIA | B6: 11.39 | C6: 16.49 | D6: 2.7 | E6: =C6*D6 -> 44.523 | F6: =2 -> 2
A7: LAVABO S.PRESIDÊNCIA | B7: 2.16 | C7: 5.93 | D7: 2.9 | E7: =C7*D7 -> 17.197
A8: CIRCULAÇÃO 1 | B8: 5.65 | C8: =12.34-1.12 -> 11.22 | D8: 2.7 | E8: =C8*D8 -> 30.294
A9: ARQUIVO | B9: 18.92 | C9: 17.76 | D9: 2.7 | E9: =C9*D9 -> 47.952 | F9: =2 -> 2
A10: SECRETARIA | B10: 35.13 | C10: 25.71 | D10: 2.7 | E10: =C10*D10 -> 69.417 | F10: =6+4 -> 10
A11: CIRCULAÇÃO 2 | B11: 7.25 | C11: =15.69-1.07-1.07-1.08 -> 12.47 | D11: 2.7 | E11: =C11*D11 -> 33.669
A12: SALA ADMINISTRATIVA | B12: 8.41 | C12: 11.61 | D12: 2.9 | E12: =C12*D12 -> 33.669 | F12: =1 -> 1
A13: HALL BANHEIROS PcD | B13: =(1.84+1.81) -> 3.65 | C13: =(5.58+5.52) -> 11.1 | D13: 2.9 | E13: =C13*D13 -> 32.19
A14: I.S. PcD MASCULINO | B14: 3.12 | C14: 7.07 | D14: 2.9 | E14: =C14*D14 -> 20.503
A15: I.S. PcD FEMININO | B15: 3.17 | C15: 7.13 | D15: 2.9 | E15: =C15*D15 -> 20.677
A16: COZINHA | B16: 13.39 | C16: 15.2 | D16: 2.7 | E16: =C16*D16 -> 41.04
A17: SALA DE REUNIÃO | B17: 22.71 | C17: 18.65 | D17: 2.7 | E17: =C17*D17 -> 50.355 | F17: =8 -> 8
A18: CIRCULAÇÃO 3 | B18: 6.06 | C18: =13-1.08 -> 11.92 | D18: 2.7 | E18: =C18*D18 -> 32.184
A19: DML | B19: 3.25 | C19: 8.1 | D19: 2.9 | E19: =C19*D19 -> 23.49
A20: POLÍCIA CIVIL | B20: 8.47 | C20: 1.19 | D20: 2.7 | E20: =C20*D20 -> 3.213 | F20: =2 -> 2
A21: ATENDIMENTO CAC | B21: 8.89 | C21: =12.11 -> 12.11 | D21: 2.7 | E21: =C21*D21 -> 32.697 | F21: =2 -> 2
A22: RECEPÇÃO CAC | B22: 12.23 | C22: 14.8 | D22: 2.7 | E22: =C22*D22 -> 39.96
A23: LAVABO CAC | B23: 1.8 | C23: 5.78 | D23: 2.9 | E23: =C23*D23 -> 16.762
A24: CALÇADA | B24: 72.79 | C24: =33.51+16.32 -> 49.83
A25: PISO EXTERNO FRENTE | B25: 131.98 | C25: 89.44
A26: PISO EXTERNO LATERAL DIREITA | B26: 24.77 | C26: 27.85
A27: FACHADA | B27: 92.45 | D27: =3+1 -> 4
